 Dungeon Crawl Stone Soup version 0.21-a0-401-g0b6bec4 (webtiles) character file.

166 Kavrick the Ducker (level 5, 0/33 HPs)
             Began as a Kobold Monk on Oct 21, 2017.
             Killed by divine providence
             ... invoked by an orc priest
              (14 damage)
             ... on level 3 of the Dungeon.
             The game lasted 00:04:51 (4008 turns).

Kavrick the Ducker (Kobold Monk)                    Turns: 4008, Time: 00:04:51

Health: 0/33       AC:  5    Str:  9    XL:     5   Next: 76%
Magic:  5/5        EV: 14    Int: 12    God:
Gold:   82         SH:  5    Dex: 17    Spells: 4/4 levels left

rFire    . . .     SeeInvis .     - Unarmed
rCold    . . .     Gourm    .   k - +0 buckler
rNeg     . . .     Faith    .   i - +0 ring mail
rPois    .         Spirit   .   (no helmet)
rElec    .         Reflect  .   (no cloak)
rCorr    .         Harm     .   (no gloves)
MR       .....                  (no boots)
Stlth    ++........             (no amulet)
HPRegen  0.11/turn              (no ring)
MPRegen  0.09/turn              (no ring)

@: no status effects
A: carnivore 3
a: no special abilities


You were on level 3 of the Dungeon.
You were completely stuffed.

You visited 1 branch of the dungeon, and saw 3 of its levels.

You collected 82 gold pieces.

Inventory:

Armour
 i - a +0 ring mail (worn)
 k - a +0 buckler (worn)
Scrolls
 a - 2 scrolls of remove curse {unknown}
 c - 2 scrolls of immolation {unknown}
 d - 2 scrolls of recharging {unknown}
 g - 2 scrolls of enchant weapon {unknown}
 h - a scroll of enchant armour {unknown}
 j - 2 scrolls of teleportation {unknown}
 l - a scroll of amnesia {unknown}
 m - 2 scrolls of identify {unknown}
 o - 3 scrolls of fear {unknown}
Potions
 e - a potion of agility {unknown}
 f - 2 potions of curing
 n - a potion of lignification {unknown}
 p - a potion of brilliance {unknown}
Comestibles
 b - a meat ration
 q - 2 chunks of flesh


   Skills:
 + Level 4.0 Fighting
 + Level 1.4 Armour
 + Level 4.5 Dodging
 - Level 2.6 Stealth
 + Level 0.9 Shields
 * Level 4.3 Unarmed Combat


You had 4 spell levels left.
You didn't know any spells.

Dungeon Overview and Level Annotations

Branches:
Dungeon (3/15)

Altars:
Wu Jian


Innate Abilities, Weirdness & Mutations

You are small and have problems with some larger weapons.
You are carnivorous and can eat meat at any time.


Message History

The orc is too close now for your liking.
An orc is nearby!
The orc shouts!
You hear a shout! x3
An orc priest comes into view. It is wielding a flail.
The orc priest shouts!
The orc barely misses you.
A rat comes into view.
The orc shouts!
You block the orc's attack.
An orc comes into view.
Your ring mail prevents you from hitting the orc.
The orc priest looks satisfied for a moment.
The orc hits you with a trident. You block the orc's attack.
The orc priest invokes the aid of Beogh against you.
Beogh smites you! The orc hits you with a trident. You block the orc's attack.
The orc priest calls down the wrath of Beogh upon you.
Beogh smites you!
You die...

#.# .# #.# ##. ... ..
##.####### #.#.r .....
.......@.###.#.. ##...#
##.............. ....#
#######.###.##. ###...#
#o# #o#
.##...###########.# #.#
.##............##o# #.#
.##...###.#######o###.#
..(..............o..oo#
.....>........###.#####


You could see an orc priest and 3 orcs.

Vanquished Creatures
  Terence (D:2)
  Jessica (D:2)
  2 gnolls (D:1)
  4 adders
  A worm (D:3)
  4 dart slugs
  A leopard gecko (D:2)
  A bat (D:2)
  A giant cockroach (D:1)
  3 goblins
  5 hobgoblins
  3 jackals (D:1)
  12 kobolds
  A quokka (D:2)
  A ball python (D:1)
  3 frilled lizards
  7 rats
51 creatures vanquished.

Notes
Turn   | Place    | Note
-------+----------+-------------------------------------------
     0 | D:1      | Kavrick the Kobold Monk began the quest for the Orb.
     0 | D:1      | Reached XP level 1. HP: 14/14 MP: 1/1
   399 | D:1      | Reached XP level 2. HP: 19/19 MP: 2/2
  1217 | D:1      | Reached XP level 3. HP: 6/23 MP: 3/3
  1766 | D:1      | Reached XP level 4. HP: 24/29 MP: 4/4
  1772 | D:1      | Reached skill level 1 in Armour
  2278 | D:2      | Found an ornate altar of the Wu Jian Council.
  2403 | D:2      | Noticed Jessica
  2428 | D:2      | Killed Jessica
  2428 | D:2      | Reached XP level 5. HP: 28/33 MP: 5/5
  2514 | D:2      | Found a faded altar of an unknown god.
  2583 | D:2      | Noticed Terence
  3315 | D:2      | Killed Terence
  4008 | D:3      | Killed from afar by an orc priest

Vault maps used:
D:1:      dpeg_arrival_three_smaller_balls, serial_bayou_pond_b
D:2:      overflow_temple_1_default, first_bread,
          chequers_ecumenical_altar_grove, uniq_jessica, uniq_terence
D:3:      uniq_robin

Skill      XL: |  1  2  3  4  5 |
---------------+----------------+-----
Dodging        | 4 |  4.5
Armour         | 1 |  1.4
Unarmed Combat | 4 |  4.3
Fighting       | 4 |  4.0
Stealth        | |  2.6
Shields        | |  0.9

Action                   |  1- 3 |  4- 6 || total
-------------------------+-------+-------++-------
Melee: Unarmed           |   125 |   183 ||   308
       Punch             |     4 |       ||     4
 Stab: Sleeping          |     2 |     2 ||     4
       Distracted        |       |     2 ||     2
  Eat: Chunk             |    11 |     7 ||    18
Armor: Robe              |     5 |       ||     5
       Ring mail         |    15 |    38 ||    53
Dodge: Dodged            |    73 |   103 ||   176
Block: Buckler           |       |    22 ||    22

Table legend:
 A = Spawn XP
 B = Non-spawn XP
 C = Spawn XP percentage of total XP
 D = Spawn monster count
 E = Non-spawn monster count
 F = Spawn count percentage of total count
 G = Total turns spent on level
                    A         B        C        D         E        F      G
               +---------+---------+-------+---------+---------+-------+---------
         Total |       0 |     238 |   0.0 |       0 |      51 |   0.0 |  4008
               +---------+---------+-------+---------+---------+-------+---------
           D:1 |       0 |      73 |   0.0 |       0 |      25 |   0.0 |  2182
           D:2 |       0 |     138 |   0.0 |       0 |      20 |   0.0 |  1467
           D:3 |       0 |      27 |   0.0 |       0 |       6 |   0.0 |   359
               +---------+---------+-------+---------+---------+-------+---------
